 Dungeon Crawl Stone Soup version 0.13-b1-54-gfe00c74 (webtiles) character file.

410 Lilouch the Shield-Bearer (level 5, -1/41 HPs)
             Began as a Mummy Fighter on Oct 10, 2013.
             Slain by an iguana (6 damage)
             ... on Level 4 of the Dungeon.
             The game lasted 00:33:05 (12317 turns).

Lilouch the Shield-Bearer (Mummy Fighter)          Turns: 12317, Time: 00:33:05

HP  -1/41        AC  6     Str 20      XL: 5   Next: 50%
MP   4/4         EV  6     Int  7      God:
Gold 209         SH 18     Dex 11      Spells:  0 memorised,  4 levels left

Res.Fire  : x . .   See Invis. : .   a - +0 falchion
Res.Cold  : + . .   Warding    : .   b - +0 scale mail
Life Prot.: + + +   Conserve   : .   c - +0 shield
Res.Poison: +       Res.Corr.  : .   (no helmet)
Res.Elec. : .       Clarity    : .   (no cloak)
Sust.Abil.: . .     Spirit.Shd : .   (no gloves)
Res.Mut.  : .       Stasis     : .   (no boots)
Res.Rott. : +       Flight     : .   (no amulet)
Saprovore : . . .                    (no ring)
                                     (no ring)

@: slightly resistant to hostile enchantments, extremely unstealthy
A: no food or potions, fire vulnerability, restore body, cold resistance 1, life
protection 3, poison resistance, torment resistance, unbreathing
a: no special abilities


You were on level 4 of the Dungeon.
You were not hungry.

You visited 1 branch of the dungeon, and saw 4 of its levels.

You collected 189 gold pieces.

Inventory:

Hand weapons
 a - a +0,+0 falchion (weapon)
 f - a +0,+0 dagger
 i - a +0,+0 hand axe
 o - a +0,+1 orcish dagger
 p - a +4,+1 elven spear
 r - a +0,+0 dagger
 s - a -1,+1 orcish dagger
 t - a +0,+0 hand axe
 B - a +0,+0 sling
 C - a +0,+1 orcish spear (quivered)
 F - a +3,+0 elven dagger of freezing
 H - a +0,+1 orcish dagger
 I - a +2,+1 dagger
 J - a -1,+1 orcish spear
 K - a cursed -2,+0 orcish flail
 L - a -1,+1 orcish spear
 M - a -1,+1 orcish spear
 N - a -1,+1 orcish spear
 O - a -1,+1 orcish spear
 P - a +0,+1 orcish spear
 S - a cursed -2,+0 dagger
 T - a +3,+2 elven dagger
 V - a +0,+2 dwarven hand axe
 W - a +0,+0 falchion
Missiles
 d - 80 stones
 e - 17 darts
 l - 18 poisoned needles
 x - 14 sling bullets
 z - 4 javelins
 G - 3 steel darts
Armour
 b - a +0 scale mail (worn)
 c - a +0 shield (worn)
Comestibles
 g - 2 bread rations
 m - 2 apples
 n - a meat ration
 D - a pear
Scrolls
 j - a scroll of remove curse {unknown}
 q - 4 scrolls of teleportation {unknown}
 u - 5 scrolls of identify {unknown}
 w - 2 scrolls of curse armour {unknown}
 E - 2 scrolls of recharging {unknown}
 Q - a scroll of random uselessness {unknown}
 U - a scroll of magic mapping {unknown}
Potions
 k - a potion of restore abilities {unknown}
 v - 2 potions of curing {unknown}
Books
 h - a book of Fire

   Spells                             Type                      Level
   Fire Brand                         Charms/Fire                  2
   Ignite Poison                      Fire/Transmutation           5
   Fireball                           Conjuration/Fire             5
   Bolt of Fire                       Conjuration/Fire             6
   Delayed Fireball                   Conjuration/Fire             7
   Ring of Flames                     Charms/Fire                  7


   Skills:
 - Level 3.1 Fighting
 * Level 3.4 Long Blades
 + Level 3.2 Armour
 + Level 3.4 Shields


You had 4 spell levels left.
You didn't know any spells.

Dungeon Overview and Level Annotations

Branches:
Dungeon (4/27)
 Temple: D:4-7

Altars:

Shops:
D:4 /


Innate Abilities, Weirdness & Mutations

You do not eat or drink.
Your flesh is vulnerable to fire.
Your flesh is cold resistant.
You are immune to negative energy.
Your system is resistant to poisons.
You are immune to unholy pain and torment.
You can survive without breathing.


Message History

The orc throws an orcish hand axe.
You block the orcish hand axe.
The orc throws an orcish hand axe.
The orcish hand axe hits you!
You see here an orcish hand axe.
You hit the iguana but do no damage. You block the iguana's attack.
You hit the iguana but do no damage.
The iguana bites you but does no damage.
The orc barely misses you.
You hit the iguana but do no damage. The iguana closely misses you.
You hit the iguana but do no damage. The orc barely misses you.
The iguana bites you.
You barely miss the iguana.
The orc hits you with an orcish war axe.
You block the iguana's attack.
You closely miss the iguana. The iguana bites you!
The orc hits you with an orcish war axe.
The iguana bites you!
* * * LOW HITPOINT WARNING * * *
You hit the iguana but do no damage. You block the orc's attack.
The iguana bites you.
You die...

...(# .$∩....# ........#
....(....# ..........#
..........# ..$.......#
....?..w...#
....)..l@))##############
.......o...)...........[.
....)...........(.......
..z..>.......<..........
..................!....p
.......................
........##############
.......# ...§#


You could see a worm, an iguana, an orc and an orc zombie.

Vanquished Creatures
  7 adders
  A giant mite (D:1)
  4 worms
  5 giant geckos
  10 orcs (D:3)
  A ball python (D:3)
  12 hobgoblins
  3 jackals
  11 kobolds
  An ooze (D:2)
  3 quokkas
  8 bats
  4 giant newts
  10 goblins
  A kobold skeleton (D:4)
  10 rats
91 creatures vanquished.

Notes
Turn   | Place    | Note
--------------------------------------------------------------
     0 | D:1      | Lilouch, the Mummy Fighter, began the quest for the Orb.
     0 | D:1      | Reached XP level 1. HP: 18/18 MP: 0/0
   303 | D:1      | Reached XP level 2. HP: 22/24 MP: 1/1
  2468 | D:2      | Reached XP level 3. HP: 17/30 MP: 2/2
  3563 | D:1      | Reached XP level 4. HP: 36/36 MP: 3/3
  5869 | D:1      | Noticed an ice beast
  8537 | D:2      | Reached XP level 5. HP: 39/41 MP: 4/4
 10111 | D:2      | Noticed a vampire mosquito
 11699 | D:2      | Noticed a vampire mosquito
 11840 | D:4      | Noticed a phantom
 12305 | D:4      | Found Xoipaosu's Magical Wand Shoppe.
 12317 | D:4      | Slain by an iguana

Action                   |  1- 3 |  4- 6 || total
-------------------------+-------+-------++-------
Melee: Falchion          |   159 |   254 ||   413
Throw: Stone             |    18 |    11 ||    29
       Dagger            |    13 |    14 ||    27
       Hand axe          |     4 |     2 ||     6
       Spear             |     4 |    35 ||    39
